 Dungeon Crawl Stone Soup version 0.31.0-32-g396128a36d (webtiles) character file.

Game seed: 7842508901895920889

5 monsoonserge the Cudgeller (level 1, 0/16 HPs)
             Began as an Octopode Cinder Acolyte on Mar 19, 2024.
             Was a High Priest of Ignis.
             Slain by a frilled lizard (3 damage)
             ... on level 1 of the Dungeon.
             The game lasted 00:00:13 (45 turns).

monsoonserge the Cudgeller (Octopode Cinder Acolyte)  Turns: 45, Time: 00:00:13

Health: 0/16       AC:  1    Str: 13    XL:     1   Next: 80%
Magic:  2/2        EV: 12    Int: 16    God:    Ignis [*****.]
Gold:   0          SH:  0    Dex:  7    Spells: 2/2 levels left

rFire   + . .        a - -1 mace (flame)
rCold   . . .        (no shield)
rNeg    . . .        (helmet restricted)
rPois   .            (no amulet)
rElec   .            (no ring)
rCorr   .            (no ring)
SInv    .            (no ring)
Will    .....        (no ring)
Stlth   ++           (no ring)
HPRegen 0.22/turn    (no ring)
MPRegen 0.08/turn    (no ring)
                     (no ring)

%: no passive effects
@: no status effects
A: almost no armour, amphibious, 8 rings, camouflage 1, gelatinous body 1,
(nimble swimmer 1), tentacles
a: Renounce Religion, Fiery Armour, Foxfire Swarm, Rising Flame


You were on level 1 of the Dungeon.
You worshipped Ignis.
Ignis was extremely pleased with you.
You visited 1 branch of the dungeon, and saw 1 of its levels.

Inventory:

Hand Weapons
 a - a -1 mace of flaming (weapon)


   Skills:
 + Level 3.1 Fighting
 + Level 3.1 Maces & Flails
 + Level 0.8 Stealth
 - Level 1.0 Spellcasting
 + Level 3.0 Fire Magic


You had 2 spell levels left.
You didn't know any spells.
Your spell library contained the following spells:

 Spells                   Type           Power      Damage    Failure   Level
 Scorch                   Fire           20%        2d5       10%         2


Dungeon Overview and Level Annotations

Branches:
Dungeon (1/15)

Altars:


Innate Abilities, Weirdness & Mutations

You cannot wear most types of armour.
You are amphibious.
You can wear up to eight rings at the same time.
Your skin changes colour to match your surroundings (Stealth+).
Your rubbery body absorbs attacks. (AC +1, EV +1)
((You are camouflaged when in or above water. (Stealth+)))
You have tentacles for arms and can constrict up to eight enemies at once.


Message History

The kobold hits you with a +0 whip. The bat misses you.
The kobold throws a stone.
The stone barely misses you. The goblin hits you with a +0 dagger.
The goblin attacks as it pursues you! The goblin hits you with a +0 dagger.
There is an open door here.
You barely miss the goblin. Your grab misses the goblin.
You squeeze the goblin.
You kill the goblin!
The bat hits you. The bat barely misses you.
The kobold hits you with a +0 whip.
* * * LOW HITPOINT WARNING * * *
You see here a +0 dagger.
The bat hits you.
* * * LOW HITPOINT WARNING * * *
There is an open door, spattered with blood here.
You hit the bat. You burn the bat. Your grab misses the bat.
The bat is heavily wounded.
The bat hits you.
* * * LOW HITPOINT WARNING * * *
The bat closely misses you.
You closely miss the bat. Your grab misses the bat.
The bat is heavily wounded.
The bat completely misses you.
You hit the bat. You burn the bat.
You kill the bat!
The bat hits you.
* * * LOW HITPOINT WARNING * * *
The bat hits you but does no damage.
You closely miss the bat. Your grab misses the bat. The bat barely misses you.
The bat closely misses you.
You hit the bat. You burn the bat.
You kill the bat!
You hit the rat. You burn the rat.
You kill the rat!
The kobold barely misses you.
You hit the kobold. You burn the kobold.
You kill the kobold!
You closely miss the frilled lizard. Your grab misses the frilled lizard.
The frilled lizard bites you.
You die...

#########
#Z#Z#Z#Z#####
###########^#Z#
##+##Z#.......#####
###...###.#####......
#Z#.>.....#Z#^#####..
###...#########^#Z###
## ##@##Z#Z# #####^#
r. ##l###### ###
####.###..#
..........#####
###............
#............
#.....###.##.
....##.# .# ......
... .


You could see a frilled lizard, a gnoll skeleton, an orc skeleton and a merfolk
skeleton.

Vanquished Creatures
  2 bats (D:1)
  A goblin (D:1)
  A kobold (D:1)
  A rat (D:1)
5 creatures vanquished.

Notes
Turn   | Place    | Note
-------+----------+-------------------------------------------
     0 | D:1      | monsoonserge the Octopode Cinder Acolyte began the quest
                  | for the Orb.
     0 | D:1      | Reached XP level 1. HP: 16/16 MP: 2/2
    10 | D:1      | Noticed a minotaur skeleton
    45 | D:1      | Slain by a frilled lizard

Illustrated notes

Levels and vault maps discovered:
D:1:      shiori_arrival_whats_in_store_for_you, layout_basic,
          minmay_tetromino_i2

Action                     || total
---------------------------++-------
  Melee: Mace              ||    10
         Tentacles         ||     1
 Armour: Skin              ||    12
  Dodge: Dodged            ||    15
